[ AOE2 MATCH · #505054571 ]
UnrankedMalians vs Aztecs
Player's team · LOSS
Rival team · WIN
[ REPLAY ANALYSIS · EXTRACTED FROM THE RECORDED GAME ]
Feudal
11:51
Castle
16:15
Imperial
—
| APM avg | 35.5 |
| APM peak | 83 |
| eAPM avg | 13.6 |
| Villagers / military | 57 / 19 |
Focus
⚔️ 23.8% · 🌾 76.2%
Gbeto ×10 · Skirmisher ×9
Feudal
10:18
Castle
28:03
Imperial
—
| APM avg | 56.4 |
| APM peak | 92 |
| eAPM avg | 24.3 |
| Villagers / military | 37 / 45 |
Focus
⚔️ 35.0% · 🌾 65.0%
Archer ×17 · Militia ×8 · Spearman ×6 · Skirmisher ×5 · Mangonel ×3 · Eagle Scout ×3
Match map
Initial resources + every placement click. Lines = walls · curves = elevation contours. ◆ gold · ⬟ stone · ● berries · ✦ relic · ◌ wall gap
Your base· Open — 2t gap
Philippvs II's base· Open — 1t gap
Smoothed initial terrain · ◌ = detected wall gap · hover for details
Inputs per minute
— EIM | chucky 33 - - Philippvs II
Build order — EIM | chucky 33
130 actions detected in the replay
| 0:11 | Queue | Villager (Male) |
| 0:11 | Queue | Villager (Male) |
| 0:11 | Queue | Villager (Male) |
| 0:11 | Queue | Villager (Male) |
| 0:12 | Queue | Villager (Male) |
| 0:12 | Queue | Villager (Male) |
| 0:14 | Build | House |
| 0:20 | Build | House |
| 1:34 | Queue | Villager (Male) |
| 2:02 | Build | Lumber Camp |
| 2:05 | Queue | Villager (Male) |
| 2:28 | Queue | Villager (Male) |
| 3:14 | Queue | Villager (Male) |
| 3:30 | Queue | Villager (Male) |
| 3:47 | Build | House |
| 4:05 | Queue | Villager (Male) |
| 4:06 | Queue | Villager (Male) |
| 4:21 | Build | House |
| 4:25 | Queue | Villager (Male) |
| 4:47 | Queue | Villager (Male) |
| 4:51 | Build | House |
| 5:14 | Queue | Villager (Male) |
| 5:19 | Build | Mill |
| 5:42 | Research | Loom |
| 5:58 | Queue | Villager (Male) |
| 6:24 | Queue | Villager (Male) |
| 6:32 | Queue | Villager (Male) |
| 6:43 | Queue | Villager (Male) |
| 7:10 | Queue | Villager (Male) |
| 7:57 | Build | Mining Camp |
| 8:15 | Queue | Villager (Male) |
| 9:11 | Build | Palisade Wall |
| 9:13 | Build | Palisade Wall |
| 9:15 | Build | Palisade Wall |
| 9:16 | Build | Palisade Wall |
| 9:30 | Build | Palisade Wall |
| 9:32 | Build | Palisade Wall |
| 9:41 | Research | Feudal Age |
| 10:02 | Build | House |
| 10:19 | Build | House |
| 11:36 | Build | Barracks |
| 11:51 | Age | Feudal Age |
| 12:06 | Queue | Villager (Male) |
| 12:06 | Queue | Villager (Male) |
| 12:20 | Build | Archery Range |
| 12:27 | Build | Market |
| 12:36 | Build | House |
| 12:40 | Build | House |
| 13:35 | Research | Castle Age |
| 13:53 | Queue | Skirmisher |
| 13:54 | Queue | Skirmisher |
| 14:06 | Build | Farm |
| 14:46 | Queue | Skirmisher |
| 14:56 | Queue | Villager (Male) |
| 15:19 | Queue | Skirmisher |
| 15:23 | Build | Farm |
| 15:23 | Build | Farm |
| 15:40 | Build | Farm |
| 15:44 | Build | Farm |
| 16:04 | Queue | Skirmisher |
| 16:15 | Age | Castle Age |
| 16:48 | Build | Town Center |
| 16:53 | Build | Farm |
| 16:59 | Queue | Villager (Male) |
| 17:00 | Queue | Villager (Male) |
| 17:00 | Queue | Villager (Male) |
| 17:24 | Queue | Villager (Male) |
| 18:23 | Queue | Villager (Male) |
| 18:23 | Queue | Villager (Male) |
| 18:23 | Queue | Villager (Male) |
| 18:53 | Build | Mining Camp |
| 18:55 | Queue | Villager (Male) |
| 18:55 | Queue | Villager (Male) |
| 19:08 | Queue | Villager (Male) |
| 19:09 | Queue | Villager (Male) |
| 20:12 | Queue | Skirmisher |
| 20:12 | Queue | Skirmisher |
| 21:11 | Queue | Villager (Male) |
| 21:11 | Queue | Villager (Male) |
| 21:11 | Queue | Villager (Male) |
| 22:06 | Build | Archery Range |
| 22:10 | Build | Blacksmith |
| 24:02 | Build | Market |
| 24:05 | Queue | Villager (Male) |
| 24:05 | Queue | Villager (Male) |
| 24:08 | Queue | Skirmisher |
| 24:08 | Queue | Skirmisher |
| 24:24 | Queue | Villager (Male) |
| 24:24 | Queue | Villager (Male) |
| 25:05 | Queue | Villager (Male) |
| 25:05 | Queue | Villager (Male) |
| 25:51 | Queue | Villager (Male) |
| 25:52 | Queue | Villager (Male) |
| 26:02 | Build | Archery Range |
| 26:48 | Build | Castle |
| 27:07 | Build | House |
| 27:09 | Queue | Villager (Male) |
| 27:30 | Build | Farm |
| 27:58 | Queue | Gbeto |
| 27:59 | Queue | Gbeto |
| 28:17 | Build | Mill |
| 28:26 | Queue | Villager (Male) |
| 28:26 | Queue | Villager (Male) |
| 29:01 | Build | House |
| 29:09 | Queue | Gbeto |
| 29:09 | Queue | Gbeto |
| 29:18 | Research | Fletching |
| 29:22 | Queue | Villager (Male) |
| 29:28 | Build | Farm |
| 29:31 | Queue | Villager (Male) |
| 29:47 | Build | Farm |
| 30:05 | Queue | Villager (Male) |
| 30:08 | Queue | Villager (Male) |
| 30:13 | Queue | Gbeto |
| 30:28 | Build | Mining Camp |
| 30:35 | Build | Lumber Camp |
| 31:07 | Build | Farm |
| 31:10 | Queue | Villager (Male) |
| 31:11 | Queue | Villager (Male) |
| 31:21 | Queue | Gbeto |
| 31:21 | Queue | Gbeto |
| 31:21 | Queue | Gbeto |
| 31:30 | Build | Siege Workshop |
| 31:46 | Build | Farm |
| 31:46 | Build | Farm |
| 31:50 | Build | Farm |
| 31:52 | Build | Farm |
| 32:03 | Queue | Gbeto |
| 32:03 | Queue | Gbeto |
| 32:11 | Queue | Villager (Male) |
Build order — Philippvs II
First 150 of 152 actions detected
| 0:01 | Queue | Villager (Male) |
| 0:03 | Build | House |
| 0:04 | Build | House |
| 0:10 | Queue | Villager (Male) |
| 0:10 | Queue | Villager (Male) |
| 0:16 | Queue | Villager (Male) |
| 0:17 | Queue | Villager (Male) |
| 1:29 | Queue | Villager (Male) |
| 2:00 | Queue | Villager (Male) |
| 2:17 | Build | House |
| 2:34 | Queue | Villager (Male) |
| 2:43 | Build | Barracks |
| 2:54 | Queue | Villager (Male) |
| 3:11 | Queue | Villager (Male) |
| 3:12 | Research | Loom |
| 3:35 | Build | House |
| 3:39 | Queue | Militia |
| 3:43 | Queue | Militia |
| 4:07 | Queue | Militia |
| 4:08 | Queue | Militia |
| 4:31 | Queue | Villager (Male) |
| 4:47 | Queue | Militia |
| 5:03 | Queue | Villager (Male) |
| 5:03 | Queue | Villager (Male) |
| 5:24 | Queue | Villager (Male) |
| 5:47 | Queue | Villager (Male) |
| 6:19 | Queue | Villager (Male) |
| 6:22 | Queue | Villager (Male) |
| 6:32 | Build | Lumber Camp |
| 7:29 | Build | House |
| 8:08 | Research | Feudal Age |
| 8:20 | Build | Mining Camp |
| 9:22 | Build | Mining Camp |
| 10:18 | Age | Feudal Age |
| 10:21 | Build | Watch Tower |
| 10:25 | Queue | Villager (Male) |
| 10:33 | Build | Archery Range |
| 10:45 | Research | Man-at-Arms (upgrade) |
| 10:46 | Queue | Villager (Male) |
| 11:13 | Queue | Archer |
| 11:16 | Queue | Villager (Male) |
| 11:30 | Queue | Villager (Male) |
| 11:31 | Queue | Villager (Male) |
| 11:45 | Queue | Archer |
| 12:18 | Queue | Archer |
| 12:19 | Build | House |
| 12:20 | Build | Palisade Wall |
| 12:21 | Build | Palisade Wall |
| 12:22 | Build | Palisade Wall |
| 12:31 | Queue | Villager (Male) |
| 12:54 | Queue | Archer |
| 13:21 | Queue | Archer |
| 13:29 | Queue | Villager (Male) |
| 13:35 | Research | Double-Bit Axe |
| 13:48 | Queue | Archer |
| 13:52 | Build | Barracks |
| 13:58 | Queue | Villager (Male) |
| 14:13 | Queue | Archer |
| 14:17 | Build | House |
| 14:42 | Queue | Militia |
| 14:53 | Build | Blacksmith |
| 15:00 | Queue | Archer |
| 15:13 | Queue | Skirmisher |
| 15:17 | Queue | Villager (Male) |
| 15:23 | Build | Mill |
| 15:38 | Research | Fletching |
| 15:53 | Queue | Skirmisher |
| 15:58 | Queue | Militia |
| 16:07 | Build | House |
| 16:17 | Build | Farm |
| 16:33 | Build | House |
| 16:45 | Build | Watch Tower |
| 16:59 | Build | Farm |
| 16:59 | Build | Farm |
| 16:59 | Build | Farm |
| 16:59 | Build | Farm |
| 16:59 | Build | Farm |
| 17:00 | Build | Farm |
| 17:00 | Build | Farm |
| 17:02 | Build | Farm |
| 17:13 | Build | Farm |
| 17:15 | Build | House |
| 17:30 | Build | Watch Tower |
| 17:48 | Queue | Eagle Scout |
| 18:30 | Queue | Eagle Scout |
| 18:37 | Queue | Villager (Male) |
| 18:39 | Build | Farm |
| 18:50 | Build | Mining Camp |
| 18:53 | Queue | Archer |
| 19:00 | Queue | Eagle Scout |
| 19:23 | Queue | Villager (Male) |
| 19:24 | Queue | Spearman |
| 19:34 | Queue | Skirmisher |
| 19:49 | Research | Arson |
| 20:02 | Queue | Villager (Male) |
| 20:15 | Research | Scale Mail Armor |
| 20:54 | Queue | Militia |
| 20:59 | Queue | Archer |
| 21:08 | Build | Lumber Camp |
| 21:24 | Queue | Archer |
| 21:41 | Queue | Archer |
| 21:54 | Queue | Archer |
| 22:03 | Build | House |
| 22:12 | Queue | Archer |
| 22:34 | Queue | Spearman |
| 22:34 | Queue | Spearman |
| 22:43 | Queue | Archer |
| 22:54 | Queue | Villager (Male) |
| 22:58 | Build | Farm |
| 23:00 | Build | Market |
| 23:29 | Queue | Skirmisher |
| 23:36 | Queue | Villager (Male) |
| 24:06 | Build | House |
| 24:07 | Build | House |
| 24:22 | Queue | Archer |
| 25:23 | Build | House |
| 25:23 | Research | Castle Age |
| 25:25 | Build | Farm |
| 25:27 | Build | Farm |
| 25:29 | Build | Farm |
| 25:29 | Build | Farm |
| 25:35 | Build | Lumber Camp |
| 26:08 | Queue | Archer |
| 27:12 | Build | Watch Tower |
| 27:18 | Queue | Skirmisher |
| 27:22 | Queue | Spearman |
| 27:23 | Queue | Spearman |
| 28:03 | Age | Castle Age |
| 28:07 | Build | Siege Workshop |
| 28:14 | Research | Bodkin Arrow |
| 28:39 | Queue | Villager (Male) |
| 28:43 | Queue | Spearman |
| 28:49 | Build | Monastery |
| 28:59 | Queue | Mangonel |
| 29:02 | Queue | Mangonel |
| 29:08 | Build | Outpost |
| 29:18 | Queue | Villager (Male) |
| 29:24 | Build | Town Center |
| 29:24 | Queue | Villager (Male) |
| 29:37 | Build | Outpost |
| 29:48 | Queue | Monk |
| 29:51 | Queue | Mangonel |
| 29:54 | Build | House |
| 29:55 | Queue | Monk |
| 30:11 | Queue | Villager (Male) |
| 30:41 | Queue | Villager (Male) |
| 30:44 | Build | Mining Camp |
| 31:38 | Queue | Battering Ram |
| 31:52 | Build | Monastery |
| 32:09 | Build | House |
Match timeline
| 2:43 | Philippvs II · first_building Barracks |
| 9:11 | EIM | chucky 33 · wall_segment Palisade Wall x1 |
| 9:13 | EIM | chucky 33 · wall_segment Palisade Wall x1 |
| 9:15 | EIM | chucky 33 · wall_segment Palisade Wall x1 |
| 9:16 | EIM | chucky 33 · wall_segment Palisade Wall x1 |
| 9:30 | EIM | chucky 33 · wall_segment Palisade Wall x1 |
| 9:32 | EIM | chucky 33 · wall_segment Palisade Wall x1 |
| 10:18 | Philippvs II · age_up feudal |
| 10:33 | Philippvs II · first_building Archery Range |
| 11:36 | EIM | chucky 33 · first_building Barracks |
| 11:51 | EIM | chucky 33 · age_up feudal |
| 12:20 | EIM | chucky 33 · first_building Archery Range |
| 12:20 | Philippvs II · wall_segment Palisade Wall x2 |
| 12:21 | Philippvs II · wall_segment Palisade Wall x3 |
| 12:22 | Philippvs II · wall_segment Palisade Wall x2 |
| 13:33 | EIM | chucky 33 · first_market_sell 100 wood |
| 16:15 | EIM | chucky 33 · age_up castle |
| 24:48 | Philippvs II · first_market_buy 100 food |
| 25:20 | EIM | chucky 33 · first_market_buy 100 stone |
| 26:48 | EIM | chucky 33 · first_building Castle |
| 28:03 | Philippvs II · age_up castle |
| 28:07 | Philippvs II · first_building Siege Workshop |
| 28:49 | Philippvs II · first_building Monastery |
| 31:30 | EIM | chucky 33 · first_building Siege Workshop |
| 33:21 | EIM | chucky 33 · resign |
[ AI ANALYSIS · 1 CREDIT ]
What really happened in this match?
Wolo.gg analyzes every decision: build order, eco, micro, common mistakes by bracket. Personalized analysis on WhatsApp or Discord in 30 seconds.
Civ guide
Malians
Perfil
Jugador #26069625